 Dungeon Crawl Stone Soup version 0.17-a0-1954-g0dddeaa (webtiles) character file.

4547 4thArraOfDagon the Grappler (level 10, -6/90 HPs)
             Began as a Minotaur Monk on Oct 3, 2015.
             Was an Elder of Cheibriados.
             Mangled by a minotaur
             ... wielding a +3 rod of shadows (2/12)
              (13 damage)
             ... in a labyrinth.
             The game lasted 00:14:50 (2689 turns).

4thArraOfDagon the Grappler (Minotaur Monk)         Turns: 2689, Time: 00:14:50

Health: -6/90      AC: 11    Str: 25    XL:     10   Next: 17%
Magic:  3/13       EV: 13    Int: 20    God:    Cheibriados [****..]
Gold:   210        SH:  0    Dex: 24    Spells: 1 memorised, 7 levels left

rFire  . . .     SeeInvis .       - Unarmed
rCold  . . .     Clarity  .     E - +0 plate armour
rNeg   . . .     SustAt   .     (no shield)
rPois  .         Gourm    .     (helmet restricted)
rElec  .         Spirit   .     (no cloak)
rCorr  .         Warding  .     (no gloves)
rMut   .         Stasis   .     o - +0 pair of boots
MR     .....                    (no amulet)
Stlth  ..........               (no ring)
                                (no ring)

@: very slow, not resistant to hostile enchantments, extremely unstealthy
A: retaliatory headbutt, horns 2
a: Bend Time, Temporal Distortion, Slouch, Renounce Religion


You were in a labyrinth.
You worshipped Cheibriados.
Cheibriados was greatly pleased with you.
You were not hungry.

You visited 1 branch of the dungeon, and saw 11 of its levels.
You also visited: Labyrinth.

You collected 210 gold pieces.

Inventory:

Hand weapons
 z - a +0 war axe
 C - a cursed +0 blowgun
Missiles
 h - 4 steel tomahawks (quivered)
 D - 23 poisoned needles
Armour
 o - a +0 pair of boots (worn)
 y - a +0 scale mail
 E - a +0 plate armour (worn)
Magical devices
 m - a wand of random effects (10)
 q - a wand of fire (3)
Scrolls
 i - 3 scrolls of fog
 j - 2 scrolls of amnesia {unknown}
 n - 2 scrolls of enchant weapon
 r - a scroll of random uselessness {unknown}
Potions
 a - 2 potions of cure mutation {unknown}
 c - a potion of curing
 d - 5 potions of poison {unknown}
 e - a potion of magic {unknown}
 k - a potion of degeneration {unknown}
 l - a potion of might {unknown}
 p - 4 potions of heal wounds {unknown}
 u - a potion of flight {unknown}
 x - a potion of brilliance
Books
 F - a book of Changes

   Spells                             Type                      Level
   a - Beastly Appendage              Transmutation                1
   b - Sticks to Snakes               Transmutation                2
   c - Spider Form                    Transmutation/Poison         3
   d - Ice Form                       Ice/Transmutation            4
   e - Blade Hands                    Transmutation                5
Comestibles
 b - 3 bread rations
 f - 2 slices of pizza
 g - 8 fruits
 s - 2 royal jellies
 t - 2 meat rations


   Skills:
 + Level 8.6 Fighting
 + Level 7.6 Dodging
 - Level 1.5 Stealth
 * Level 11.0 Unarmed Combat
 + Level 1.4 Spellcasting
 * Level 2.3 Transmutations
 + Level 6.0 Invocations


You had 7 spell levels left.
You knew the following spells:

 Your Spells              Type           Power        Failure   Level  Hunger
a - Ice Form              Ice/Trmt       #.......     100%        4    #####..


Dungeon Overview and Level Annotations

Branches:
Dungeon (11/15)
 Temple: D:4-7         Lair: D:8-11         Orc: D:9-12

Altars:
Cheibriados
Elyvilon
Makhleb
Ru
Trog
Vehumet
Yredelemnul

Shops:
D:5 (

Annotations:
D:6 Blork the orc


Innate Abilities, Weirdness & Mutations

You reflexively headbutt those who attack you in melee.
You have a pair of horns on your head.


Message History

Cheibriados reduces the support of your attributes as your movement quickens.
The minotaur hits you with a rod of shadows!
The minotaur closely misses you.
Unknown command.
You barely miss the minotaur.
You headbutt the minotaur, but do no damage.
The minotaur is almost dead.
The minotaur hits you with a rod of shadows!
The minotaur gores you but does no damage.
Unknown command.
You hit the minotaur but do no damage.
You headbutt the minotaur, but do no damage.
The minotaur is almost dead.
Unknown command.
Your plate armour prevents you from hitting the minotaur.
The minotaur is almost dead.
The minotaur hits you with a rod of shadows!!
* * * LOW HITPOINT WARNING * * *
The minotaur gores you!
You die...

.. . . # # . .
# . . .## #
########### H'
. . .......#
.##### #. . #
#.###.....# .
#. .#. #.@H..#
#
#.###.#.#####.#
.. .... .
....#... ## ##
### # .#####
...# #. .. #
#.# #.# # # . .
. .#. .# . ##
##.# # .# #. .
.. #.#


You could see a minotaur.

Vanquished Creatures
  Prince Ribbit (D:8)
  A wyvern (D:7)
  4 yaks (D:10)
  Eustachio (D:6)
  2 hippogriffs (D:8)
  A deep elf mage (D:11)
  A sky beast (D:11)
  3 orc warriors
  A phantom (D:11)
  A wasp (D:8)
  4 ogres
  A necrophage (D:9)
  2 centaurs (D:7)
  An eye of draining (D:9)
  A big kobold (D:8)
  The ghost of Duffy the Digger, an average VSEE (D:3)
  A gnoll sergeant (D:8)
  A scorpion (D:9)
  8 wights
  3 crimson imps
  4 orc priests
  2 centaur zombies
  3 iguanas
  A wasp zombie (D:6)
  A hound (D:7)
  5 orc wizards
  A giant frog skeleton (D:4)
  3 worker ants
  A hound zombie (D:7)
  3 hound skeletons
  7 gnolls
  4 adders
  A shadow imp (D:5)
  A worm (D:2)
  A giant gecko (D:7)
  26 orcs
  A ball python (D:3)
  4 goblins
  5 hobgoblins
  12 jackals
  2 quokkas (D:7)
  3 bats
  3 giant cockroaches
  A giant newt (D:1)
  A jackal skeleton (D:3)
  7 kobolds
  4 rats
146 creatures vanquished.

Notes
Turn   | Place    | Note
--------------------------------------------------------------
     0 | D:1      | 4thArraOfDagon the Minotaur Monk began the quest for the Orb.
     0 | D:1      | Reached XP level 1. HP: 19/19 MP: 0/0
    97 | D:2      | Reached XP level 2. HP: 16/27 MP: 1/1
   183 | D:3      | Reached skill level 5 in Unarmed Combat
   232 | D:3      | Noticed Duffy's ghost (average VSEE)
   246 | D:4      | Found a radiant altar of Vehumet.
   271 | D:4      | Found a basalt altar of Yredelemnul.
   277 | D:4      | Found a sacrificial altar of Ru.
   277 | D:4      | Found a snail-covered altar of Cheibriados.
   293 | D:4      | Reached XP level 3. HP: 18/33 MP: 2/2
   313 | D:4      | Became a worshipper of Cheibriados the Contemplative
   313 | D:4      | Acquired Cheibriados's first power
   366 | D:5      | Entered Level 5 of the Dungeon
   400 | D:5      | Reached XP level 4. HP: 38/40 MP: 3/3
   435 | D:5      | Noticed an ogre
   449 | D:6      | Reached skill level 1 in Invocations
   471 | D:6      | Noticed Eustachio
   484 | D:6      | Reached XP level 5. HP: 35/47 MP: 4/4
   491 | D:6      | Killed Eustachio
   491 | D:6      | Reached skill level 6 in Unarmed Combat
   491 | D:6      | Reached XP level 6. HP: 36/55 MP: 4/6
   630 | D:6      | Noticed an orc warrior
   647 | D:6      | Killed an orc warrior
   647 | D:6      | Reached skill level 5 in Fighting
   677 | D:6      | Noticed Blork the orc
   731 | D:7      | Reached skill level 7 in Unarmed Combat
   773 | D:7      | Reached XP level 7. HP: 33/61 MP: 7/7
   813 | D:6      | Noticed an ogre
   824 | D:5      | Reached skill level 5 in Dodging
   840 | D:5      | Killed an ogre
   874 | D:5      | Acquired Cheibriados's second power
   886 | D:5      | Noticed an ogre
   890 | D:5      | Killed an ogre
   896 | D:5      | Found Teonk's Weapon Shop.
  1003 | D:3      | Found a faded altar to an unknown god.
  1015 | D:3      | Killed Duffy's ghost
  1088 | D:3      | Noticed an orc warrior
  1095 | D:3      | Reached skill level 8 in Unarmed Combat
  1106 | D:3      | Killed an orc warrior
  1106 | D:3      | Reached XP level 8. HP: 31/70 MP: 2/9
  1210 | D:4      | Acquired Cheibriados's third power
  1500 | D:7      | Reached skill level 9 in Unarmed Combat
  1510 | D:7      | Noticed a wyvern
  1542 | D:7      | Killed a wyvern
  1633 | D:8      | Reached XP level 9. HP: 59/79 MP: 11/11
  1773 | D:8      | Reached skill level 10 in Unarmed Combat
  1778 | D:8      | Acquired Cheibriados's fourth power
  1783 | D:8      | Reached skill level 5 in Invocations
  1793 | D:8      | Found a bloodstained altar of Trog.
  1818 | D:8      | Noticed Prince Ribbit
  1832 | D:8      | Killed Prince Ribbit
  1909 | D:9      | Learned a level 4 spell: Ice Form
  1914 | D:9      | Found a white marble altar of Elyvilon.
  1934 | D:9      | Found a burning altar of Makhleb.
  2092 | D:10     | Entered Level 10 of the Dungeon
  2155 | D:10     | Reached skill level 1 in Transmutations
  2182 | D:10     | Reached XP level 10. HP: 59/90 MP: 13/13
  2242 | D:11     | Reached skill level 1 in Spellcasting
  2283 | D:11     | Reached skill level 11 in Unarmed Combat
  2314 | D:11     | Found a labyrinth entrance.
  2323 | Lab      | Entered a labyrinth
  2359 | Lab      | Found an exit through the horrors of the Abyss.
  2647 | Lab      | Noticed a minotaur
  2678 | Lab      | Noticed a centaur warrior
  2686 | Lab      | Killed a centaur warrior
  2689 | Lab      | Identified a +3 rod of shadows (2/12)
  2689 | Lab      | Mangled by a minotaur

Vault maps used:
D:1:      dpeg_arrival_ternary
D:2:      nemelex_lonely_heart_becter
D:3:      ecumenical_altar_2, hangedman_decor_growths
D:4:      old_standard_altar, grunt_temple_overflow_open, first_bread,
          grunt_decor_fettered, uniq_robin
D:5:      zin_treasury, serial_shops, shop
D:6:      uniq_blork_the_orc, uniq_eustachio
D:7:      kennysheep_orc_sif_temple, minmay_temple_entry_oklob, basic_altar,
          grunt_livestock, kb_rosetta
D:8:      kennysheep_little_box, uniq_prince_ribbit1
D:9:      hangedman_screamer, makhleb_blood_cavern_becter, basic_altar,
          grunt_tough_drop, uniq_erolcha
D:10:     david_lair_generic
D:11:     orc_0_dummy, lab_entry_generic
Lab:      labyrinth_green, labyrinth_fake_exit, nicolae_lab_do_over

Action                   |  1- 3 |  4- 6 |  7- 9 | 10-12 || total
-------------------------+-------+-------+-------+-------++-------
Melee: Unarmed           |    61 |    58 |   233 |    27 ||   379
Throw: Tomahawk          |     1 |     7 |     9 |       ||    17
Invok: Bend Time         |       |     1 |     2 |       ||     3
       Temporal Distorti |       |       |     2 |       ||     2
       Slouch            |       |       |       |     2 ||     2
Evoke: Wand              |       |       |       |     4 ||     4
  Use: Potion            |     1 |       |     3 |       ||     4
       Scroll            |       |     2 |       |     6 ||     8
 Stab: Sleeping          |     1 |       |     1 |       ||     2
  Eat: Chunk             |       |       |     2 |       ||     2
       Beef jerky        |       |       |     1 |       ||     1
